| TOP OF THE 1ST |
|
El Paso Chihuahuas batting - Pitching for Round Rock Express : RHP Preston Shockley
|
|
Pitching: RHP Preston Shockley
|
|
|
Batting: LHB Andy Van Slyke
|
0-0: Ball 1-0: SINGLE (Line Drive, 6MD, EV 95.0 MPH)
|
|
Batting: RHB Julio Acevedo
|
0-0: Ball Andy Van Slyke is caught stealing 2nd base 2-4 1-0: Foul Ball, location: 2F 1-1: Swinging Strike 1-2: Foul Ball, location: 2F 1-2: Ball 2-2: Strikes out swinging
|
|
Batting: RHB Jesse Vann
|
0-0: Ball 1-0: Fly out, F9 (Flyball, 9LM, EV 86.3 MPH)
|
| Top of the 1st over - 0 runs, 1 hit, 0 errors, 0 left on base; El Paso 0 - Round Rock 0 |
| BOTTOM OF THE 1ST |
|
Round Rock Express batting - Pitching for El Paso Chihuahuas : LHP Juan Dorville
|
|
Pitching: LHP Juan Dorville
|
|
|
Batting: LHB Steve Lyons
|
0-0: Called Strike 0-1: Ball 1-1: Ball 2-1: Ground out 3-1 (Groundball, 34, EV 105.6 MPH)
|
|
Batting: RHB George Gross
|
0-0: SINGLE (Line Drive, 89S, EV 113.1 MPH)
|
|
Batting: LHB Al Chambers
|
0-0: Ball 1-0: Fly out, F5 (Popup, 25, EV 88.8 MPH)
|
|
Batting: RHB Alejandro Sanchez
|
0-0: Swinging Strike 0-1: Ball 1-1: Foul Ball, location: 2F 1-2: Ball 2-2: Ball 3-2: DOUBLE (Flyball, 8RXD, EV 90.0 MPH) George Gross to third George Gross scores
|
|
Batting: LHB Dave Sanchez
|
0-0: Ball 1-0: Called Strike 1-1: Called Strike 1-2: Fly out, F8 (Line Drive, 8RM, EV 95.6 MPH)
|
| Bottom of the 1st over - 1 run, 2 hits, 0 errors, 1 left on base; El Paso 0 - Round Rock 1 |
| TOP OF THE 2ND |
|
El Paso Chihuahuas batting - Pitching for Round Rock Express : RHP Preston Shockley
|
|
Batting: LHB Dan Murphy
|
0-0: Ball 1-0: Ground out U3 (Groundball, 3L, EV 89.4 MPH)
|
|
Batting: RHB Tom Roarke
|
0-0: SINGLE (Groundball, 6MD, EV 100.0 MPH)
|
|
Batting: RHB Leo George
|
0-0: Ball 1-0: Called Strike 1-1: Ball 2-1: SINGLE (Line Drive, 9LS, EV 88.1 MPH) Tom Roarke to second Runner from 2nd tries for 3rd, SAFE, no throw by RF
|
|
Batting: RHB Stine Poole
|
0-0: Ball 1-0: Foul Ball, location: 2F 1-1: Ball 2-1: Foul Ball, location: 2F 2-2: Strikes out swinging
|
|
Batting: RHB William Parmenter
|
0-0: Called Strike 0-1: Ball 1-1: Called Strike 1-2: Ball 2-2: Ball 3-2: SINGLE (Groundball, 56D, EV 97.5 MPH) Tom Roarke scores Leo George to second Leo George to third
|
|
Batting: RHB Cliff Wherry
|
0-0: Called Strike 0-1: Called Strike 0-2: Fly out, F9 (Flyball, 89S, EV 81.9 MPH)
|
| Top of the 2nd over - 1 run, 3 hits, 0 errors, 2 left on base; El Paso 1 - Round Rock 1 |
| BOTTOM OF THE 2ND |
|
Round Rock Express batting - Pitching for El Paso Chihuahuas : LHP Juan Dorville
|
|
Batting: RHB Martyn Maxwell
|
0-0: SINGLE (Groundball, 6MD, EV 108.1 MPH)
|
|
Batting: RHB Gerald Miller
|
0-0: Called Strike 0-1: Ball 1-1: Swinging Strike 1-2: Foul Ball, location: 2F 1-2: Ball 2-2: Foul Ball, location: 2F 2-2: Ball 3-2: Foul Ball, location: 2F 3-2: Base on Balls Martyn Maxwell to second
|
|
Batting: RHB Mike Sodders
|
0-0: Ball 1-0: Swinging Strike 1-1: Swinging Strike 1-2: Strikes out looking
|
|
Batting: RHB Val Medina
|
0-0: Swinging Strike 0-1: Ball 1-1: Foul Ball, location: 2F 1-2: Fly out, F9 (Flyball, 9D, EV 83.8 MPH) Runner from 2nd tags up, SAFE at 3rd, no throw by RF
|
|
Batting: LHB Steve Lyons
|
0-0: Foul Ball, location: 2F 0-1: Ball 1-1: Ball 2-1: Ball 3-1: Fly out, F8 (Flyball, 8RD, EV 96.3 MPH)
|
| Bottom of the 2nd over - 0 runs, 1 hit, 0 errors, 2 left on base; El Paso 1 - Round Rock 1 |
| TOP OF THE 3RD |
|
El Paso Chihuahuas batting - Pitching for Round Rock Express : RHP Preston Shockley
|
|
Batting: LHB Andy Van Slyke
|
0-0: Ball 1-0: SINGLE (Groundball, 6, EV 101.9 MPH)
|
|
Batting: RHB Julio Acevedo
|
0-0: Ball 1-0: Ball 2-0: Grounds into double play, 5-4-3 (Groundball, 56, EV 86.3 MPH)
|
|
Batting: RHB Jesse Vann
|
0-0: Ball 1-0: Foul Ball, location: 2F 1-1: Ball 2-1: Fly out, F6 (Popup, P, EV 91.9 MPH)
|
| Top of the 3rd over - 0 runs, 1 hit, 0 errors, 0 left on base; El Paso 1 - Round Rock 1 |
| BOTTOM OF THE 3RD |
|
Round Rock Express batting - Pitching for El Paso Chihuahuas : LHP Juan Dorville
|
|
Batting: RHB George Gross
|
0-0: Ball 1-0: Ball 2-0: SINGLE (Groundball, 6MD, EV 97.5 MPH)
|
|
Batting: LHB Al Chambers
|
0-0: DOUBLE (Line Drive, 7LS, EV 94.4 MPH) George Gross to third Runner from 3rd tries for Home, SAFE, throw by LF to home
|
|
Batting: RHB Alejandro Sanchez
|
0-0: Swinging Strike 0-1: Foul Ball, location: 2F 0-2: Strikes out looking
|
|
Batting: LHB Dave Sanchez
|
0-0: Swinging Strike 0-1: Ball 1-1: SINGLE (Groundball, 34D, EV 100.6 MPH) Al Chambers to third Runner from 3rd tries for Home, SAFE, throw by RF to home
|
|
Batting: RHB Martyn Maxwell
|
0-0: Called Strike 0-1: Foul Ball, location: 2F 0-2: Ball 1-2: Foul Ball, location: 2F 1-2: Strikes out swinging
|
|
Batting: RHB Gerald Miller
|
0-0: Ball 1-0: Ground out 6-3 (Groundball, 4M, EV 88.1 MPH)
|
| Bottom of the 3rd over - 2 runs, 3 hits, 0 errors, 1 left on base; El Paso 1 - Round Rock 3 |
| TOP OF THE 4TH |
|
El Paso Chihuahuas batting - Pitching for Round Rock Express : RHP Preston Shockley
|
|
Batting: LHB Dan Murphy
|
0-0: Foul Ball, location: 2F 0-1: Ball 1-1: Ball 2-1: Foul Ball, location: 2F 2-2: Fly out, F7 (Flyball, 7LD, EV 102.5 MPH)
|
|
Batting: RHB Tom Roarke
|
0-0: Swinging Strike 0-1: Ball 1-1: Called Strike 1-2: Ball 2-2: Strikes out swinging
|
|
Batting: RHB Leo George
|
0-0: Called Strike 0-1: Foul Ball, location: 2F 0-2: Ground out 3-1 (Groundball, 34, EV 86.3 MPH)
|
| Top of the 4th over - 0 runs, 0 hits, 0 errors, 0 left on base; El Paso 1 - Round Rock 3 |
| BOTTOM OF THE 4TH |
|
Round Rock Express batting - Pitching for El Paso Chihuahuas : LHP Juan Dorville
|
|
Batting: RHB Mike Sodders
|
0-0: Ball 1-0: Ball 2-0: Ball 3-0: Called Strike 3-1: DOUBLE (Line Drive, 8LXD, EV 111.3 MPH)
|
|
Batting: RHB Val Medina
|
0-0: Ball 1-0: Swinging Strike 1-1: Ground out 3-1 (Groundball, 34, EV 83.8 MPH) Mike Sodders to third
|
|
Batting: LHB Steve Lyons
|
0-0: Ball 1-0: Swinging Strike 1-1: Swinging Strike 1-2: Ball 2-2: Ball 3-2: Fly out, F7 (Flyball, 7, EV 88.1 MPH)
|
|
Batting: RHB George Gross
|
0-0: Ball 1-0: Fly out, F4 (Line Drive, 4, EV 70.0 MPH)
|
| Bottom of the 4th over - 0 runs, 1 hit, 0 errors, 1 left on base; El Paso 1 - Round Rock 3 |
| TOP OF THE 5TH |
|
El Paso Chihuahuas batting - Pitching for Round Rock Express : RHP Preston Shockley
|
|
Batting: RHB Stine Poole
|
0-0: Ground out 4-3 (Groundball, 4M, EV 101.9 MPH)
|
|
Batting: RHB William Parmenter
|
0-0: Called Strike 0-1: Swinging Strike 0-2: Strikes out swinging
|
|
Batting: RHB Cliff Wherry
|
0-0: Ball 1-0: Swinging Strike 1-1: Swinging Strike 1-2: Ball 2-2: Strikes out looking
|
| Top of the 5th over - 0 runs, 0 hits, 0 errors, 0 left on base; El Paso 1 - Round Rock 3 |
| BOTTOM OF THE 5TH |
|
Round Rock Express batting - Pitching for El Paso Chihuahuas : LHP Juan Dorville
|
|
Batting: LHB Al Chambers
|
0-0: Ball 1-0: Ground out U3 (Groundball, 34, EV 81.9 MPH)
|
|
Batting: RHB Alejandro Sanchez
|
0-0: Foul Ball, location: 2F 0-1: Swinging Strike 0-2: Ball 1-2: Foul Ball, location: 2F 1-2: Ball 2-2: Foul Ball, location: 2F 2-2: SINGLE (Line Drive, 34D, EV 95.0 MPH)
|
|
Batting: LHB Dave Sanchez
|
0-0: Foul Ball, location: 2F 0-1: Called Strike 0-2: Ball 1-2: Fly out, F6 (Popup, 6MS, EV 68.1 MPH)
|
|
Batting: RHB Martyn Maxwell
|
0-0: Foul Ball, location: 2F 0-1: Ball 1-1: Called Strike 1-2: SINGLE (Groundball, 6MD, EV 100.6 MPH) Alejandro Sanchez to second Runner from 2nd tries for 3rd, SAFE, throw by CF made to third
|
|
Batting: RHB Gerald Miller
|
0-0: Ball 1-0: Swinging Strike 1-1: Swinging Strike 1-2: Fly out, F8 (Flyball, 8RS, EV 72.5 MPH)
|
| Bottom of the 5th over - 0 runs, 2 hits, 0 errors, 2 left on base; El Paso 1 - Round Rock 3 |
| TOP OF THE 6TH |
|
El Paso Chihuahuas batting - Pitching for Round Rock Express : RHP Preston Shockley
|
|
Batting: LHB Andy Van Slyke
|
0-0: Ball 1-0: Ball 2-0: Ball 3-0: Base on Balls
|
|
Batting: RHB Julio Acevedo
|
0-0: Ball 1-0: Foul Ball, location: 2F 1-1: Foul Ball, location: 2F 1-2: Strikes out swinging
|
|
Batting: RHB Jesse Vann
|
0-0: Called Strike 0-1: Called Strike 0-2: Foul Ball, location: 2F 0-2: Foul Ball, location: 2F 0-2: Ball 1-2: Grounds into double play, 4-6-3 (Groundball, 4, EV 86.3 MPH)
|
| Top of the 6th over - 0 runs, 0 hits, 0 errors, 0 left on base; El Paso 1 - Round Rock 3 |
| BOTTOM OF THE 6TH |
|
Round Rock Express batting - Pitching for El Paso Chihuahuas : LHP Juan Dorville
|
|
Batting: RHB Mike Sodders
|
0-0: Ground out 1-3 (Groundball, 13, EV 66.9 MPH)
|
|
Batting: RHB Val Medina
|
0-0: Ball 1-0: SINGLE (Groundball, 4MD, EV 111.3 MPH)
|
|
Batting: LHB Steve Lyons
|
0-0: Ball 1-0: Grounds into double play, 6-4-3 (Groundball, 6, EV 109.4 MPH)
|
| Bottom of the 6th over - 0 runs, 1 hit, 0 errors, 0 left on base; El Paso 1 - Round Rock 3 |
| TOP OF THE 7TH |
|
El Paso Chihuahuas batting - Pitching for Round Rock Express : RHP Preston Shockley
|
|
Batting: LHB Dan Murphy
|
0-0: Ball 1-0: Called Strike 1-1: Foul Ball, location: 2F 1-2: Ball 2-2: Ball 3-2: Fly out, F9 (Flyball, 9S, EV 94.4 MPH)
|
|
Batting: RHB Tom Roarke
|
0-0: Ball 1-0: Ball 2-0: Fly out, F8 (Flyball, 8RXD, EV 98.8 MPH)
|
|
Batting: RHB Leo George
|
0-0: Called Strike 0-1: Ball 1-1: Swinging Strike 1-2: Ball 2-2: Ball 3-2: Strikes out swinging
|
| Top of the 7th over - 0 runs, 0 hits, 0 errors, 0 left on base; El Paso 1 - Round Rock 3 |
| BOTTOM OF THE 7TH |
|
Round Rock Express batting - Pitching for El Paso Chihuahuas : LHP Juan Dorville
|
|
Batting: RHB George Gross
|
0-0: Foul Ball, location: 2F 0-1: Swinging Strike 0-2: Fly out, F4 (Line Drive, 4, EV 68.1 MPH)
|
|
Pitching: RHP Alejandro Pena
|
|
|
Batting: LHB Al Chambers
|
0-0: Swinging Strike 0-1: Fly out, F6 (Popup, 6, EV 78.1 MPH)
|
|
Batting: RHB Alejandro Sanchez
|
0-0: Ground out 1-3 (Groundball, 34S, EV 61.9 MPH)
|
| Bottom of the 7th over - 0 runs, 0 hits, 0 errors, 0 left on base; El Paso 1 - Round Rock 3 |
| TOP OF THE 8TH |
|
El Paso Chihuahuas batting - Pitching for Round Rock Express : RHP Preston Shockley
|
|
Batting: RHB Stine Poole
|
0-0: Foul Ball, location: 2F 0-1: Ball 1-1: Ball 2-1: Fly out, F3 (Line Drive, 3, EV 69.4 MPH)
|
|
Batting: RHB William Parmenter
|
0-0: Ball 1-0: Swinging Strike 1-1: Ball 2-1: Fly out, F8 (Line Drive, 8LM, EV 90.6 MPH)
|
|
Batting: RHB Cliff Wherry
|
0-0: Ball 1-0: Ball 2-0: Called Strike 2-1: Ball 3-1: Base on Balls
|
|
Batting: LHB Andy Van Slyke
|
0-0: SINGLE (Groundball, 56D, EV 106.3 MPH) Cliff Wherry to second
|
|
Batting: RHB Julio Acevedo
|
0-0: Called Strike 0-1: Ball 1-1: Foul Ball, location: 2F 1-2: Ball 2-2: Ball 3-2: Strikes out swinging
|
| Top of the 8th over - 0 runs, 1 hit, 0 errors, 2 left on base; El Paso 1 - Round Rock 3 |
| BOTTOM OF THE 8TH |
|
Round Rock Express batting - Pitching for El Paso Chihuahuas : RHP Alejandro Pena
|
|
Batting: LHB Dave Sanchez
|
0-0: Ball 1-0: Foul Ball, location: 2F 1-1: Fly out, F7 (Flyball, 7, EV 96.3 MPH)
|
|
Batting: RHB Martyn Maxwell
|
0-0: Ball 1-0: Foul Ball, location: 2F 1-1: Foul Ball, location: 2F 1-2: Strikes out swinging
|
|
Batting: RHB Gerald Miller
|
0-0: Swinging Strike 0-1: Ball 1-1: Foul Ball, location: 2F 1-2: Foul Ball, location: 2F 1-2: Ball 2-2: Foul Ball, location: 2F 2-2: Fly out, F8 (Flyball, 8RM, EV 88.1 MPH)
|
| Bottom of the 8th over - 0 runs, 0 hits, 0 errors, 0 left on base; El Paso 1 - Round Rock 3 |
| TOP OF THE 9TH |
|
El Paso Chihuahuas batting - Pitching for Round Rock Express : RHP Preston Shockley
|
|
Pitching: LHP Ronald Wrobel
|
|
|
Batting: RHB Jesse Vann
|
0-0: Ball 1-0: Ball 2-0: Called Strike 2-1: Ball 3-1: Called Strike 3-2: Strikes out swinging
|
|
Batting: LHB Dan Murphy
|
0-0: Called Strike 0-1: Foul Ball, location: 2F 0-2: Strikes out swinging
|
|
Batting: RHB Tom Roarke
|
0-0: Called Strike 0-1: Ball 1-1: Called Strike 1-2: Ball 2-2: Foul Ball, location: 2F 2-2: Ball 3-2: Fly out, F8 (Flyball, 89M, EV 90.0 MPH)
|
| Top of the 9th over - 0 runs, 0 hits, 0 errors, 0 left on base; El Paso 1 - Round Rock 3 |
|